 Dungeon Crawl Stone Soup version 0.23.0 (webtiles) character file.

Game seed: 11690674855155073771

25 tidbits the Charmwright (level 3, 9/31 HPs)
             Began as a Gnoll Skald on Feb 14, 2019.
             Quit the game on level 2 of the Dungeon.
             The game lasted 00:01:49 (218 turns).

tidbits the Charmwright (Gnoll Skald)                Turns: 218, Time: 00:01:50

Health: 9/31       AC:  3    Str: 13    XL:     3   Next: 4%
Magic:  4/9        EV: 14    Int: 16    God:
Gold:   40         SH:  0    Dex: 14    Spells: 0/11 levels left

rFire    . . .     SeeInvis .   a - +0 spear
rCold    . . .     Gourm    .   (no shield)
rNeg     . . .     Faith    .   b - +0 leather armour
rPois    .         Spirit   .   (no helmet)
rElec    .         Reflect  .   (no cloak)
rCorr    .         Harm     .   (no gloves)
MR       .....                  (no boots)
Stlth    +.........             (no amulet)
HPRegen  0.10/turn              (no ring)
MPRegen  0.11/turn              (no ring)

@: quite poisoned (9 -> 5)
A: distributed training, fangs 1, strong nose
a: no special abilities


You were on level 2 of the Dungeon.
You were not hungry.

You visited 1 branch of the dungeon, and saw 2 of its levels.

You collected 40 gold pieces.

Inventory:

Hand Weapons
 a - a +0 spear (weapon)
 i - a +0 short sword of venom
   (You took it off a kobold on level 2 of the Dungeon)
 j - a +0 dagger
Missiles
 h - 33 stones (quivered)
Armour
 b - a +0 leather armour (worn)
Scrolls
 e - a scroll of blinking {unknown}
 f - a scroll of enchant weapon {unknown}
Potions
 c - a potion of haste {unknown}
 g - a potion of flight {unknown}
Comestibles
 d - a ration


   Skills:
 + Level 4.5 Fighting
 + Level 0.5 Short Blades
 + Level 0.5 Long Blades
 + Level 0.5 Axes
 + Level 0.5 Maces & Flails
 + Level 4.5 Polearms
 + Level 0.5 Staves
 + Level 0.5 Slings
 + Level 0.5 Bows
 + Level 0.5 Crossbows
 + Level 0.5 Throwing
 + Level 2.5 Armour
 + Level 4.5 Dodging
 + Level 0.5 Stealth
 + Level 0.5 Shields
 + Level 0.5 Unarmed Combat
 + Level 4.9 Spellcasting
 + Level 0.4 Conjurations
 + Level 0.4 Hexes
 + Level 5.4 Charms
 + Level 0.4 Summonings
 + Level 0.4 Necromancy
 + Level 0.4 Translocations
 + Level 0.4 Transmutations
 + Level 0.4 Fire Magic
 + Level 0.4 Ice Magic
 + Level 0.4 Air Magic
 + Level 0.4 Earth Magic
 + Level 0.4 Poison Magic
 + Level 0.7 Invocations
 + Level 0.5 Evocations


You couldn't memorise any spells.
You knew the following spells:

 Your Spells              Type           Power        Failure   Level  Hunger
g - Shroud of Golubria    Chrm/Tloc      ##........   9%          2    ##.....
i - Infusion              Chrm           ###.         2%          1    None
r - Regeneration          Chrm/Necr      ##........   19%         3    ###....
w - Spectral Weapon       Hex/Chrm       ##......     19%         3    ###....
y - Song of Slaying       Chrm           ###.....     3%          2    ##.....

Your spell library contained the following spells:

 Spells                   Type           Power        Failure   Level  Hunger


Dungeon Overview and Level Annotations

Branches:
Dungeon (2/15)

Altars:


Innate Abilities, Weirdness & Mutations

Your experience applies equally to all skills.
You have very sharp teeth.
Your uncanny sense of smell can sniff out nearby items.


Message History

You kill the goblin!
Attack whom?
Press: ? - help, Dir - move target cursor, f - rat
Aim: a rat You reach to attack!
You hit the rat.
The rat is severely wounded.
You barely miss the rat.
The rat is severely wounded.
The rat bites you.
* * * LOW HITPOINT WARNING * * *
You hit the rat.
You kill the rat!
h - 33 stones (gained 21)
Things that are here:
a +0 dagger; a rat corpse; a goblin corpse
Found a hand axe.
Unknown command.
Found 12 gold pieces.
You see here 12 gold pieces.
You now have 40 gold pieces (gained 12).
You see here a hand axe.
Unknown command. 2 rats come into view.
Unknown command.
A goblin comes into view. It is wielding a +0 dagger.
Unknown command. 2 bats come into view.
Found a mace.
You hit the rat.
You kill the rat!
The rat barely misses you.
You closely miss the rat. The rat bites you but does no damage.
You hit the rat.
You kill the rat!
Found a leather armour.
A kobold comes into view. It is wielding a +0 short sword.
The kobold shouts!
The kobold moves out of view.
An adder comes into view.
Casting: Infusion (safe; 2% risk of failure)
Confirm with . or Enter, or press ? or * to list all spells.
You begin infusing your attacks with magical energy.
The adder hisses angrily.
Unknown command.
The kobold closely misses you.
Unknown command.
You barely miss the kobold. You hit the kobold.
The kobold is heavily wounded.
The kobold hits you with a +0 short sword.
* * * LOW HITPOINT WARNING * * *
You hit the kobold.
The kobold is severely wounded.
The kobold closely misses you.
You miss the kobold.
The kobold is severely wounded.
The kobold barely misses you.
You puncture the kobold!
You kill the kobold!
The adder bites you.
* * * LOW HITPOINT WARNING * * *
You closely miss the adder. The adder closely misses you.
You hit the adder!
You kill the adder!
You have reached level 3!
Your experience leads to an increase in your attributes!
Increase (S)trength, (I)ntelligence, or (D)exterity?
You feel clever.
You barely miss the goblin. Your bite misses the goblin.
The goblin hits you but does no damage.
You hit the goblin.
You kill the goblin!
Memorise Regeneration, consuming 3 spell levels and leaving 3?
You start memorising the spell.
You continue memorising. x3
You finish memorising.
Spell assigned to 'r'.
Memorise Spectral Weapon, consuming 3 spell levels and leaving 0?
You start memorising the spell.
You continue memorising. x3
You finish memorising.
Spell assigned to 'w'.
Items here: )) †† a +0 dagger; a +0 short sword; a goblin corpse; a kobold corpse Unknown command.
Your magical infusion is running out.
Unknown command.
An adder comes into view.
The adder hisses angrily.
Found a stone staircase leading up.
There is a stone staircase leading up here.
You climb upwards.
You are no longer magically infusing your attacks.
There is a stone staircase leading down here.
Unknown command.
Unknown command.
Unknown command.
You climb downwards.
The adder bites you.
* * * LOW HITPOINT WARNING * * *
You are poisoned.
The adder poisons you!
There is a stone staircase leading up here.
Unknown command.
Are you sure you want to abandon this character and quit the game? (Confirm with "yes".)

#...∆ ##### #.S....
#...# #..... #[..#
#....^ #...# #.... #
#...# #... # #...#
#..###∆ ∆ # #...#
#..S.# ## #...# ##.#@#
∆ ∆
.#####...#####.###.##
......................
.#########)###########
.## #.#.......<#####
..# #.#.######.....#
#.# #.#.######.###.#
#.# #.#........# #.#
#.# #.############.#


You could see an adder.

Vanquished Creatures
  An adder (D:2)
  A ball python (D:2)
  2 giant cockroaches
  3 goblins (D:2)
  A quokka (D:2)
  A bat (D:1)
  2 kobolds (D:2)
  6 rats
17 creatures vanquished.

Notes
Turn   | Place    | Note
-------+----------+-------------------------------------------
     0 | D:1      | tidbits the Gnoll Skald began the quest for the Orb.
     0 | D:1      | Reached XP level 1. HP: 20/20 MP: 6/6
   105 | D:2      | Reached XP level 2. HP: 22/26 MP: 3/7
   118 | D:2      | Learned a level 2 spell: Song of Slaying
   121 | D:2      | Learned a level 2 spell: Shroud of Golubria
   195 | D:2      | Reached XP level 3. HP: 11/31 MP: 2/9
   202 | D:2      | Learned a level 3 spell: Regeneration
   206 | D:2      | Learned a level 3 spell: Spectral Weapon
   218 | D:2      | Quit the game

Action                   || total
-------------------------++-------
Melee: Spear             ||    41
 Cast: Infusion          ||     4
Armor: Leather armour    ||     4
Dodge: Dodged            ||    12

Table legend:
 A = Turns spent in this place as a percentage of turns spent in the entire game.
 B = Non-inter-level travel turns spent in this place as a percentage of non-inter-level travel turns spent in the entire game.
 C = Inter-level travel turns spent in this place as a percentage of turns spent in this place.
 D = Turns resting spent in this place as a percentage of non-inter-level travel turns spent in this place.
 E = Turns spent auto-exploring this place as a percentage of non-inter-level travel turns spent in this place.
 F = Non-inter-level travel turns spent in this place divided by the number of levels of this place that you've seen.
                   A       B       C       D       E      F
               +-------+-------+-------+-------+-------+----------------------
         Total | 100.0 | 100.0 |   0.0 |   0.0 |   0.0 | 109.0
       Dungeon | 100.0 | 100.0 |   0.0 |   0.0 |   0.0 | 109.0
               +-------+-------+-------+-------+-------+----------------------

Table legend:
 A = Kills in this place as a percentage of kills in entire the game.
 B = Kills by you in this place as a percentage of kills by you in the entire game.
 C = Kills by friends in this place as a percentage of kills by friends in the entire game.
 D = Other kills in this place as a percentage of other kills in the entire game.
 E = Experience gained in this place as a percentage of experience gained in the entire game.
 F = Experience gained in this place divided by the number of levels of this place that you have seen.
                   A       B       C       D       E      F
               +-------+-------+-------+-------+-------+----------------------
         Total | 100.0 | 100.0 |   N/A |   N/A | 100.0 |  18.0
       Dungeon | 100.0 | 100.0 |   N/A |   N/A | 100.0 |  18.0
               +-------+-------+-------+-------+-------+----------------------

Levels and vault maps discovered:
D:1:      kennysheep_arrival_forest, layout_basic
D:2:      layout_basic, lemuel_crystal_altar
